 Dungeon Crawl Stone Soup version 0.23.3-3-gaaff5ab (webtiles) character file.

Game seed: 15738236785737448204

910 Himemeya the Conjurer (level 8, 0/41 HPs)
             Began as a Kobold Conjurer on July 27, 2020.
             Was a Follower of Vehumet.
             Slain by a centaur
             ... wielding a +0 rapier
              (6 damage)
             ... on level 5 of the Dungeon.
             The game lasted 00:16:15 (6978 turns).

Himemeya the Conjurer (Kobold Conjurer)             Turns: 6978, Time: 00:16:16

Health: 0/41       AC:  6    Str:  5    XL:     8   Next: 30%
Magic:  2/15       EV: 16    Int: 19    God:    Vehumet [*.....]
Gold:   135        SH:  0    Dex: 15    Spells: 6/17 levels left

rFire    . . .     SeeInvis .   i - +3 flail
rCold    . . .     Gourm    .   (shield restricted)
rNeg     . . .     Faith    .   y - +2 robe {MR+}
rPois    .         Spirit   .   s - +0 helmet
rElec    .         Reflect  .   (no cloak)
rCorr    .         Harm     .   (no gloves)
MR       +....                  q - +0 pair of boots
Stlth    ++........             (no amulet)
HPRegen  0.13/turn              (no ring)
MPRegen  0.14/turn              (no ring)

@: very slightly contaminated
A: small, carnivore
a: Renounce Religion


You were on level 5 of the Dungeon.
You worshipped Vehumet.
Vehumet was aware of your devotion.
You were very full.

You visited 2 branches of the dungeon, and saw 6 of its levels.
You also visited: Sewer.

You collected 135 gold pieces.


Innate Abilities, Weirdness & Mutations

You are small and have problems with some larger weapons.
You are carnivorous and can eat meat at any time.


   Skills:
 - Level 4.0 Dodging
 - Level 2.6 Stealth
 + Level 5.1 Spellcasting
 - Level 5.1 Conjurations
 + Level 4.7 Hexes
 + Level 3.6 Translocations


You had 6 spell levels left.
You knew the following spells:

 Your Spells              Type           Power        Failure   Level  Hunger
f - Fulminant Prism       Conj/Hex       ###.......   16%         4    ####...
l - Force Lance           Conj/Tloc      ###.....     21%         4    ####...
s - Searing Ray           Conj           ###...       2%          2    #......
z - Magic Dart            Conj           ###.         1%          1    None

Your spell library contained the following spells:

 Spells                   Type           Power        Failure   Level  Hunger
 Flame Tongue             Conj/Fire      ##...        4%          1    None
 Dazzling Spray           Conj/Hex       ###...       4%          3    ##.....
 Iskenderun's Mystic Bla  Conj           ###.....     14%         4    ####...

Inventory:

Hand Weapons
 i - a +3 flail (weapon)
 m - a +0 dagger
 n - a +0 morningstar
 o - a +0 blowgun {@w1}
 z - a +0 flail
Missiles
 p - 27 poisoned needles
Armour
 a - a +0 robe
 q - a +0 pair of boots (worn)
 s - a +0 helmet (worn)
 y - a +2 robe of magic resistance (worn)
Jewellery
 F - an uncursed ring of fire
Wands
 h - a wand of iceblast (9)
Scrolls
 b - a scroll of amnesia {unknown}
 d - 2 scrolls of blinking
 e - a scroll of teleportation {@r4}
 j - a scroll of enchant weapon {unknown}
 r - a scroll of random uselessness {unknown}
 u - a scroll of immolation {unknown}
 A - a scroll of fog {unknown}
 C - 2 scrolls of magic mapping {unknown}
 D - a scroll of fear {unknown}
Potions
 f - a potion of mutation {!q}
 g - a potion of agility {unknown}
 k - 2 potions of curing {@q1}
 l - a potion of experience
 t - 3 potions of might
 v - a potion of flight
 w - 2 potions of magic
 x - 2 potions of haste {unknown}
Comestibles
 c - 6 rations {@e1}

Dungeon Overview and Level Annotations

Branches:
Dungeon (5/15)             Temple (1/1) D:4

Altars:
Ashenzari
Cheibriados
Dithmenos
Elyvilon
Gozag
Okawaru
Qazlal
Ru
Sif Muna
Vehumet
Wu Jian
Xom
Yredelemnul
The Shining One

Annotations:
D:3 Grinder

.[.' ...# ...
..# ..# ..#
####5.# #..@c.#
............._.
.......##+#....
....... ...
###.... # #....
#.... #....


You could see a centaur and a shadow imp.


Message History

Okay, then.
Casting: Magic Dart (safe; 1% risk of failure)
Confirm with . or Enter, or press ? or * to list all spells.
Aiming: Fulminant Prism (slightly dangerous; 16% risk of failure)
Press: ? - help, Dir - move target cursor You miscast Fulminant Prism.
You feel a strange surge of energy! The centaur hits you with a +0 rapier.
* * * LOW HITPOINT WARNING * * *
The shadow imp closely misses you.
Casting: Fulminant Prism (slightly dangerous; 16% risk of failure)
Confirm with . or Enter, or press ? or * to list all spells.
You don't have enough magic to cast that spell.
Casting: Fulminant Prism (slightly dangerous; 16% risk of failure)
Confirm with . or Enter, or press ? or * to list all spells.
Aiming: Magic Dart (safe; 1% risk of failure)
Press: ? - help, Shift-Dir - straight line The magic dart hits the centaur.
The centaur is lightly wounded.
The centaur misses you. The shadow imp hits you.
* * * LOW HITPOINT WARNING * * *
The centaur hits you with a +0 rapier.
* * * LOW HITPOINT WARNING * * *
Unknown command.
You hit the centaur.
The centaur is lightly wounded.
The centaur hits you with a +0 rapier!
* * * LOW HITPOINT WARNING * * *
The shadow imp gestures at you. You resist with some effort.
The centaur hits you with a +0 rapier.
You die...

Skill      XL: |  1  2  3  4  5  6  7  8 |
---------------+-------------------------+-----
Dodging        | 3 4 |  4.0
Spellcasting   | 3 4 5 |  5.1
Conjurations   | 5 |  5.1
Hexes          | 1 3 4 |  4.7
Translocations | 1 3 |  3.6
Stealth        | |  2.6

Action                   |  1- 3 |  4- 6 |  7- 9 || total
-------------------------+-------+-------+-------++-------
Melee: Unarmed           |    27 |       |       ||    27
       Dagger            |       |    13 |       ||    13
       Flail             |       |       |    48 ||    48
 Cast: Magic Dart        |    68 |   141 |    56 ||   265
       Searing Ray       |       |    12 |    17 ||    29
       Fulminant Prism   |       |       |     1 ||     1
  Use: Scroll            |     2 |       |     5 ||     7
       Potion            |     1 |     1 |     1 ||     3
 Stab: Sleeping          |       |       |     3 ||     3
  Eat: Chunk             |    12 |     9 |     7 ||    28
Armor: Robe              |     6 |     4 |    17 ||    27
Dodge: Dodged            |    48 |    51 |    94 ||   193

Levels and vault maps discovered:
D:1:      wheals_arrival_shading, layout_basic
D:2:      layout_loops_ring
D:3:      layout_loops_ring, chequers_ecumenical_altar_grove, minmay_checkerbox,
          uniq_grinder, uniq_robin, uniq_terence, uniq_natasha
D:4:      layout_basic, minmay_temple_entry_arrows, uniq_blork_the_orc
D:5:      layout_basic, grunt_qazlal_clouds, nicolae_overflow_hidden_temple,
          first_ration, cheibrodos_sewer_entry_sluice, uniq_ijyb
Temple:   eino_temple_rhombus
Sewer:    sewer_co_cracked_pipes

Notes
Turn   | Place    | Note
-------+----------+-------------------------------------------
     0 | D:1      | Himemeya the Kobold Conjurer began the quest for the Orb.
     0 | D:1      | Reached XP level 1. HP: 10/10 MP: 3/3
   577 | D:1      | Reached XP level 2. HP: 15/15 MP: 1/5
   624 | D:1      | Learned a level 2 spell: Searing Ray
  1350 | D:2      | Reached XP level 3. HP: 19/19 MP: 1/6
  1444 | D:2      | Reached skill level 3 in Dodging
  1826 | D:2      | Reached XP level 4. HP: 24/24 MP: 2/8
  2794 | D:3      | Learned a level 4 spell: Fulminant Prism
  2839 | D:3      | Reached skill level 3 in Spellcasting
  2839 | D:3      | Reached skill level 5 in Conjurations
  3000 | D:3      | Reached XP level 5. HP: 28/28 MP: 4/9
  3135 | D:3      | Found a faded altar of an unknown god.
  3215 | D:3      | Noticed Terence
  3283 | D:3      | Killed Terence
  3283 | D:3      | Reached skill level 1 in Hexes
  3385 | D:3      | Noticed Robin
  3399 | D:3      | Killed Robin
  3487 | D:3      | Noticed Grinder
  3489 | D:3      | Paralysed by Grinder for 6 turns
  3789 | D:3      | Noticed Natasha
  3802 | D:3      | Killed Natasha
  3802 | D:3      | Reached XP level 6. HP: 23/32 MP: 5/11
  3894 | D:3      | Learned a level 4 spell: Force Lance
  3907 | D:3      | Reached skill level 4 in Dodging
  3907 | D:3      | Reached skill level 2 in Hexes
  4191 | D:3      | Noticed Natasha
  4195 | D:3      | Killed Natasha
  4320 | D:3      | Noticed Natasha
  4327 | D:3      | Killed Natasha
  4327 | D:3      | Reached skill level 1 in Translocations
  4585 | D:4      | Reached skill level 3 in Hexes
  4617 | D:4      | Reached XP level 7. HP: 32/36 MP: 0/12
  4911 | D:4      | Reached skill level 4 in Spellcasting
  4969 | D:4      | Reached skill level 2 in Translocations
  5152 | D:4      | Noticed Blork the orc
  5160 | D:4      | Killed Blork the orc
  5160 | D:4      | Reached skill level 4 in Hexes
  5410 | D:4      | Found a staircase to the Ecumenical Temple.
  5425 | Temple   | Entered the Ecumenical Temple
  5507 | Temple   | Became a worshipper of Vehumet
  5523 | D:4      | Identified a potion of experience
  5968 | D:5      | Entered Level 5 of the Dungeon
  5968 | D:5      | Noticed Ijyb
  5976 | D:5      | Killed Ijyb
  6091 | D:5      | Found a glowing drain.
  6122 | Sewer    | Entered a sewer
  6331 | Sewer    | Reached skill level 3 in Translocations
  6331 | Sewer    | Reached XP level 8. HP: 41/41 MP: 10/15
  6508 | Sewer    | Reached * piety under Vehumet
  6508 | Sewer    | Offered knowledge of Flame Tongue by Vehumet.
  6961 | D:5      | Found a stormy altar of Qazlal.
  6964 | D:5      | Reached skill level 5 in Spellcasting
  6978 | D:5      | Slain by a centaur

Vanquished Creatures
  An ogre (D:5)
  Blork the orc (D:4)
  A scorpion (D:4)
  2 crimson imps
  An orc priest (D:4)
  2 orc wizards
  2 centaur skeletons
  Ijyb (D:5)
  Terence (D:3)
  2 iguanas (D:4)
  Natasha (thrice) (D:3)
  A hound skeleton (D:4)
  Robin (D:3)
  4 gnolls (D:4)
  7 river rats
  7 adders
  2 oozes (D:3)
  An adder skeleton (D:4)
  3 worms
  4 dart slugs (D:2)
  A leopard gecko (D:3)
  7 orcs
  13 bats
  3 giant cockroaches
  5 hobgoblins
  13 jackals
  5 kobolds
  A quokka (D:3)
  4 ball pythons
  6 frilled lizards
  14 goblins
  14 rats
133 creatures vanquished.

Vanquished Creatures (others)
  A fulminant prism (D:5)
1 creature vanquished.

Grand Total: 134 creatures vanquished

Table legend:
 A = Turns spent in this place as a percentage of turns spent in the entire game.
 B = Non-inter-level travel turns spent in this place as a percentage of non-inter-level travel turns spent in the entire game.
 C = Inter-level travel turns spent in this place as a percentage of turns spent in this place.
 D = Turns resting spent in this place as a percentage of non-inter-level travel turns spent in this place.
 E = Turns spent auto-exploring this place as a percentage of non-inter-level travel turns spent in this place.
 F = Non-inter-level travel turns spent in this place divided by the number of levels of this place that you've seen.
                   A       B       C       D       E      F
               +-------+-------+-------+-------+-------+----------------------
         Total | 100.0 | 100.0 |   4.9 |  43.1 |  33.7 | 948.3
       Dungeon |  90.6 |  90.4 |   5.0 |  43.7 |  36.1 | 1200.8
        Temple |   1.4 |   1.1 |  24.7 |   0.0 |  91.8 |  73.0
         Sewer |   8.0 |   8.5 |   0.0 |  42.6 |   0.0 | 561.0
               +-------+-------+-------+-------+-------+----------------------

Table legend:
 A = Non-vault XP
 B = Vault XP
 C = Vault XP percentage of total XP
 D = Non-vault monster count
 E = Vault monster count
 F = Vault count percentage of total count
                 A         B        C        D         E       F
            +---------+---------+-------+---------+---------+-------
      Total |     931 |     369 |  28.4 |      94 |      39 |  29.3
            +---------+---------+-------+---------+---------+-------
        D:1 |      24 |       0 |   0.0 |      15 |       0 |   0.0
        D:2 |      85 |       0 |   0.0 |      29 |       0 |   0.0
        D:3 |     194 |     117 |  37.6 |      25 |      16 |  39.0
        D:4 |     404 |      91 |  18.4 |      18 |       1 |   5.3
        D:5 |     224 |      57 |  20.3 |       7 |       3 |  30.0
      Sewer |       0 |     104 | 100.0 |       0 |      19 | 100.0
            +---------+---------+-------+---------+---------+-------
